 Dungeon Crawl Stone Soup version 0.26.0-20-g3ca415f5b8 (webtiles) character file.

Game seed: 162132193356589320

74 Marvel the Sneak (level 4, -2/24 HPs)
             Began as a Kobold Enchanter on Jan 25, 2021.
             Slain by a gnoll
             ... wielding a +0 halberd
              (14 damage)
             ... on level 3 of the Dungeon.
             The game lasted 00:08:27 (2647 turns).

Marvel the Sneak (Kobold Enchanter)                 Turns: 2647, Time: 00:08:27

Health: -2/24      AC:  2    Str:  5    XL:     4   Next: 54%
Magic:  0/8        EV: 15    Int: 17    God:
Gold:   101        SH:  0    Dex: 15    Spells: 2/8 levels left

rFire    . . .     SeeInvis .   a - +1 dagger
rCold    . . .     Faith    .   (shield restricted)
rNeg     . . .     Spirit   .   p - +0 robe (curse)
rPois    .         Reflect  .   (no helmet)
rElec    .         Harm     .   (no cloak)
rCorr    .         Rampage  .   (no gloves)
Will     .....                  (no boots)
Stlth    ++++......             (no amulet)
HPRegen  0.08/turn              (no ring)
MPRegen  0.11/turn              (no ring)

@: very slightly contaminated
A: small, nightstalker 3
a: no special abilities


You were on level 3 of the Dungeon.
You visited 1 branch of the dungeon, and saw 3 of its levels.

You collected 101 gold pieces.

Inventory:

Hand Weapons
 a - a +1 dagger (weapon)
 f - a +0 dagger
 r - a +0 falchion of holy wrath
Armour
 b - a +0 robe
 p - a cursed +0 robe (worn)
Jewellery
 o - an uncursed ring of ice
Wands
 l - a wand of enslavement (7)
Scrolls
 c - 2 scrolls of identify {unknown}
 e - 3 scrolls of teleportation {unknown}
 g - a scroll of blinking {unknown}
 m - a scroll of remove curse {unknown}
 n - 3 scrolls of magic mapping {unknown}
 q - a scroll of enchant armour {unknown}
Potions
 d - a potion of experience {unknown}
 h - a potion of brilliance {unknown}
 i - 2 potions of heal wounds {unknown}
 j - 2 potions of degeneration {unknown}
 k - a potion of lignification {unknown}


   Skills:
 + Level 0.3 Fighting
 + Level 1.8 Short Blades
 + Level 2.8 Dodging
 + Level 5.2 Stealth
 + Level 2.6 Spellcasting
 + Level 3.4 Hexes
 + Level 1.1 Ice Magic


You had 2 spell levels left.
You knew the following spells:

 Your Spells              Type           Power        Failure   Level
a - Corona                Hex            14%          4%          1
b - Ensorcelled Hibernat  Hex/Ice        18%          11%         2
c - Confusing Touch       Hex            13%          14%         3

Your spell library contained the following spells:

 Spells                   Type           Power        Failure   Level
 Tukima's Dance           Hex            13%          14%         3
 Dazzling Flash           Conj/Hex       16%          26%         3


Dungeon Overview and Level Annotations

Branches:
Dungeon (3/15)

Altars:
Cheibriados
Hepliaklqana

Annotations:
D:2 Robin, Sigmund


Innate Abilities, Weirdness & Mutations

You are small and have problems with some larger weapons.
You are completely attuned to the shadows.


Message History

The gnoll resists with some effort.
The gnoll hits you from afar with a +0 halberd.
Casting: Ensorcelled Hibernation (safe; 11% risk of failure)
Confirm with . or Enter, or press ? or * to list all spells.
Aiming: Ensorcelled Hibernation (safe; 11% risk of failure)
Press: ? - help, Shift-Dir - straight line, f/p - gnoll
Aim: a gnoll, wielding a +0 halberd (chance to affect: 50%)
You miscast Ensorcelled Hibernation.
You are very lightly contaminated with residual magic.
Nothing appears to happen.
The gnoll hits you from afar with a +0 halberd.
Casting: Ensorcelled Hibernation (safe; 11% risk of failure)
Confirm with . or Enter, or press ? or * to list all spells.
Aiming: Ensorcelled Hibernation (safe; 11% risk of failure)
Press: ? - help, Shift-Dir - straight line, f/p - gnoll
Aim: a gnoll, wielding a +0 halberd (chance to affect: 50%)
You miscast Ensorcelled Hibernation.
Nothing appears to happen.
The gnoll hits you from afar with a +0 halberd!
Ouch! That really hurt!
You die...

g.g.... .g... #. #.# #'#'# ...#.#
########.#.### #.(#.###
...†.g.(....... ........
######.#.#(##################.###
#.#.#.# #.........[.......
######.#.#.# #.##############.#
.......#.#.#####@##### #.#
.g.<#..#.# #........# #.#
#...#).# #...g....# #.# .#.##..#
#........# #.# #...#....
#........# #<# .......#.#
#........# ### ...... '........#
........#


You could see a gnoll.

Vanquished Creatures
  2 gnolls
  An adder (D:2)
  A worm (D:2)
  3 dart slugs (D:2)
  A leopard gecko (D:2)
  An orc (D:3)
  6 goblins
  6 hobgoblins
  5 kobolds
  3 bats (D:2)
  2 frilled lizards
  5 rats
36 creatures vanquished.

Notes
Turn   | Place    | Note
-------+----------+-------------------------------------------
     0 | D:1      | Marvel the Kobold Enchanter began the quest for the Orb.
     0 | D:1      | Reached XP level 1. HP: 10/10 MP: 3/3
   367 | D:1      | Found a snail-covered altar of Cheibriados.
   585 | D:1      | Reached XP level 2. HP: 12/15 MP: 1/5
   634 | D:1      | Learned a level 2 spell: Ensorcelled Hibernation
  1403 | D:2      | Reached XP level 3. HP: 8/19 MP: 4/6
  1753 | D:2      | Noticed Robin
  1831 | D:2      | Found a hazy altar of Hepliaklqana.
  1998 | D:2      | Learned a level 3 spell: Confusing Touch
  2088 | D:2      | Noticed Sigmund
  2196 | D:2      | Reached skill level 5 in Stealth
  2230 | D:2      | Reached XP level 4. HP: 12/24 MP: 0/7
  2488 | D:3      | Reached skill level 1 in Ice Magic
  2647 | D:3      | Slain by a gnoll

Illustrated notes

Levels and vault maps discovered:
D:1:      scummos_arrival_checkerplants, layout_basic, cheibriados_altar_1
D:2:      layout_rooms, lemuel_round_altar, minmay_pentomino_pile, uniq_sigmund,
          uniq_robin
D:3:      layout_basic

Skill      XL: |  1  2  3  4 |
---------------+-------------+-----
Stealth        | 5 |  5.2
Ice Magic      | 1 |  1.1
Fighting       | |  0.3
Short Blades   | |  1.8
Dodging        | |  2.8
Spellcasting   | |  2.6
Hexes          | |  3.4

Action                   |  1- 3 |  4- 6 || total
-------------------------+-------+-------++-------
Melee: Dagger            |    92 |     9 ||   101
 Cast: Corona            |    11 |       ||    11
       Ensorcelled Hiber |    21 |     9 ||    30
 Stab: Sleeping          |    22 |     6 ||    28
Armor: Robe              |     9 |     1 ||    10
Dodge: Dodged            |    53 |    10 ||    63
